 Dungeon Crawl Stone Soup version 0.29.0-10-g45618ea6d2 (webtiles) character file.

Game seed: 17766061342424575853

4 Arcadio the Chiller (level 1, -2/15 HPs)
             Began as a Naga Ice Elementalist on Sept 1, 2022.
             Slain by a hobgoblin (4 damage)
             ... on level 1 of the Dungeon.
             The game lasted 00:00:44 (166 turns).

Arcadio the Chiller (Naga Ice Elementalist)          Turns: 166, Time: 00:00:44

Health: -2/15      AC:  1    Str: 10    XL:     1   Next: 60%
Magic:  0/3        EV:  9    Int: 15    God:
Gold:   52         SH:  0    Dex: 11    Spells: 3/4 levels left

rFire   . . .      SeeInvis +   c - +0 hand axe
rCold   . . .      Faith    .   (no shield)
rNeg    . . .      Spirit   .   a - +0 robe
rPois   +          Reflect  .   (no helmet)
rElec   .          Harm     .   (no cloak)
rCorr   .          Rampage  .   (no gloves)
Will    .....                   (no barding)
Stlth   ++........              (no amulet)
HPRegen 0.05/turn               (no ring)
MPRegen 0.08/turn               (no ring)

@: very slow
A: AC +0, large, see invisible, deformed body, poison resistance, slowness 2,
spit poison 1, naga tail 1
a: Spit Poison


You were on level 1 of the Dungeon.
You visited 1 branch of the dungeon, and saw 1 of its levels.

You collected 52 gold pieces.

Inventory:

Hand Weapons
 c - a +0 hand axe (weapon)
Armour
 a - a +0 robe (worn)
Potions
 b - a potion of magic
 d - a potion of curing {unknown}


   Skills:
 - Level 1.5 Dodging
 + Level 3.2 Stealth
 + Level 2.1 Spellcasting
 + Level 4.0 Ice Magic


You had 3 spell levels left.
You knew the following spells:

 Your Spells              Type           Power      Damage    Failure   Level
a - Freeze                Ice            52%        1d7       4%          1

Your spell library contained the following spells:

 Spells                   Type           Power      Damage    Failure   Level
 Frozen Ramparts          Ice            26%        1d4       12%         3
 Ozocubu's Armour         Ice            13%        N/A       12%         3
 Hailstorm                Conj/Ice       7%         3d4       67%         4


Dungeon Overview and Level Annotations

Branches:
Dungeon (1/15) Zot: 5772

Altars:


Innate Abilities, Weirdness & Mutations

Your serpentine skin is tough. (AC +0)
You have supernaturally acute eyesight. (SInv)
Armour fits poorly on your strangely shaped body.
Your system is resistant to poisons. (rPois)
You cover ground very slowly.
You can spit poison.
You have a snake-like lower body.


Message History

The hobgoblin closely misses you.
The frilled lizard bites you but does no damage.
The hobgoblin hits you.
You hit the hobgoblin.
The hobgoblin is almost dead.
You hit the frilled lizard.
You kill the frilled lizard!
You hit the hobgoblin but do no damage. The hobgoblin barely misses you.
The hobgoblin hits you.
Casting: Freeze (safe; 4% risk of failure)
Confirm with . or Enter, or press ? or * to list all spells.
Aiming: Freeze (safe; 4% risk of failure)
Press: ? - help, Shift-Dir - straight line, f - hobgoblin
Aim: a hobgoblin (almost dead)
You freeze the hobgoblin.
You kill the hobgoblin!
The hobgoblin hits you.
Casting: Freeze (safe; 4% risk of failure)
Confirm with . or Enter, or press ? or * to list all spells.
Aiming: Freeze (safe; 4% risk of failure)
Press: ? - help, Shift-Dir - straight line, f - endoplasm
Aim: an endoplasm You freeze the endoplasm.
The endoplasm is severely wounded.
The hobgoblin closely misses you. The endoplasm freezes you.
You are frozen.
* * * LOW HITPOINT WARNING * * *
Casting: Freeze (safe; 4% risk of failure)
Confirm with . or Enter, or press ? or * to list all spells.
Aiming: Freeze (safe; 4% risk of failure)
Press: ? - help, Shift-Dir - straight line, f/p - endoplasm
Aim: an endoplasm (heavily wounded)
You freeze the endoplasm.
The endoplasm is almost dead.
The hobgoblin hits you.
* * * LOW HITPOINT WARNING * * *
The endoplasm hits you but does no damage.
You barely miss the hobgoblin. The hobgoblin hits you.
You die...

.. . ... ..
##.##########...
................
#.............#
..............#
#.†J.......#
#.#g#...#..# ..
#@#...#..# .#
#.#...#..# .#
#.#####..# .#
#.# #..# .#
#.#####..###.#
.#
#............#
.#
#######..#####
.# .........# .#
.#########.##


You could see an endoplasm and a hobgoblin.

Vanquished Creatures
  A giant cockroach (D:1)
  A hobgoblin (D:1)
  A frilled lizard (D:1)
  A rat (D:1)
4 creatures vanquished.

Notes
Turn   | Place    | Note
-------+----------+-------------------------------------------
     0 | D:1      | Arcadio the Naga Ice Elementalist began the quest for the
                  | Orb.
     0 | D:1      | Reached XP level 1. HP: 15/15 MP: 3/3
   166 | D:1      | Slain by a hobgoblin

Illustrated notes

Levels and vault maps discovered:
D:1:      denvon_arrival_planthouse, layout_basic,
          hellmonk_ecumenical_altar_prayer_group

Action                   || total
-------------------------++-------
Melee: Hand axe          ||     7
 Cast: Freeze            ||     3
Armor: Robe              ||     3
Dodge: Dodged            ||     7
